 Dungeon Crawl Stone Soup version 0.30.0-30-g96aa6591b8 (webtiles) character file.

Game seed: 14030673165603732334

12106 Peloso the Carver (level 11, -10/101 HPs)
             Began as a Minotaur Fighter on June 26, 2023.
             Was a High Priest of Okawaru.
             Mangled by a freezing wraith (25 damage)
             ... on level 10 of the Dungeon.
             The game lasted 00:18:43 (8896 turns).

Peloso the Carver (Minotaur Fighter)                Turns: 8896, Time: 00:18:43

Health: -10/101    AC: 20    Str: 27    XL:     11   Next: 58%
Magic:  11/11      EV:  8    Int:  5    God:    Okawaru [*****.]
Gold:   364        SH: 10    Dex: 12    Spells: 10/10 levels left

rFire   . . .        a - +8 demon blade "Leech" {evervamp, Harm Drain rN+}
rCold   . . .        d - +0 kite shield
rNeg    + . .        s - +0 plate armour
rPois   .            x - +2 hat of Somewhere Else {rCorr}
rElec   .            S - +1 cloak "Lothruxam" {Will+ Str+4 Stlth+}
rCorr   +            B - +0 pair of gloves
SInv    .            (no boots)
Will    +....        (no amulet) Stlth
                     h - +4 ring of slaying
HPRegen 0.36/turn    (no ring)
MPRegen 0.12/turn

%: harm (+30% outgoing, +20% incoming)
@: about to teleport, slowed, very slow
A: horns 2, retaliatory headbutt
a: Renounce Religion, Heroism, Finesse, Duel


You were on level 10 of the Dungeon.
You worshipped Okawaru.
Okawaru was extremely pleased with you.
You visited 2 branches of the dungeon, and saw 12 of its levels.
You also visited: Bailey.

You collected 896 gold pieces.
You spent 532 gold pieces at shops.

Inventory:

Hand Weapons
 a - the +8 demon blade "Leech" (weapon) {evervamp, Harm Drain rN+}
   (You acquired it on level 2 of the Dungeon)

   rN:        It protects you from negative energy.
   Drain:     It drains your maximum health when unequipped.
   Harm:      It increases damage dealt and taken.
 b - a +1 vampiric long sword
 c - a +3 scimitar
Missiles
 M - a throwing net (quivered)
Armour
 d - a +0 kite shield (worn)
 o - a +0 chain mail
 s - a +0 plate armour (worn)
 x - the +2 hat of Somewhere Else (worn) {rCorr}
   (You found it on level 5 of the Dungeon)

   rCorr:     It protects you from acid and corrosion.
 B - a +0 pair of gloves (worn)
 S - the +1 cloak "Lothruxam" (worn) {Will+ Str+4 Stlth+}
   (You bought it in a shop on level 10 of the Dungeon)

   Str:       It affects your strength (+4).
   Will:      It increases your willpower.
   Stlth:     It makes you more stealthy.
Jewellery
 e - an amulet of magic regeneration
 h - a +4 ring of slaying (left hand)
 A - a ring of wizardry
 E - a ring of see invisible
 J - a +6 ring of intelligence
 L - a ring of flight
 O - a +6 ring of dexterity
Wands
 F - a wand of polymorph (5)
 K - a wand of iceblast (3)
 R - a wand of paralysis (7)
Scrolls
 f - 3 scrolls of fog
 g - a scroll of enchant weapon
 i - 3 scrolls of amnesia
 j - 2 scrolls of brand weapon
 n - 4 scrolls of teleportation
 t - a scroll of acquirement
 w - 2 scrolls of magic mapping {unknown}
 y - a scroll of poison {unknown}
 I - 2 scrolls of immolation {unknown}
 P - a scroll of enchant armour {unknown}
 Q - 3 scrolls of identify
Potions
 k - a potion of berserk rage
 l - 6 potions of heal wounds
 m - 6 potions of might
 p - 2 potions of curing
 q - 2 potions of haste
 r - 2 potions of resistance
 u - 2 potions of brilliance
 v - 6 potions of cancellation
 z - 3 potions of flight
 C - a potion of magic {unknown}
 D - a potion of ambrosia {unknown}
 H - 2 potions of attraction {unknown}
 N - a potion of invisibility
Miscellaneous
 G - a phial of floods


   Skills:
 + Level 10.8 Fighting
 + Level 14.4 Long Blades
 + Level 10.1 Armour
 + Level 4.2 Dodging
 + Level 0.4 Stealth
 + Level 9.0 Shields
 + Level 1.4 Invocations


You had 10 spell levels left.
You didn't know any spells.
Your spell library contained the following spells:

 Spells                   Type           Power      Damage    Failure   Level
 Necrotise                Necr           0%         1d4       100%        1
 Sting                    Tmut/Pois      0%         1d3       100%        1
 Poisonous Vapours        Pois/Air       0%         N/A       100%        2
 Sublimation of Blood     Necr           0%         N/A       100%        2
 Inner Flame              Hex/Fire       0%         N/A       100%        3
 Vampiric Draining        Necr           0%         2d6       100%        3
 Volatile Blastmotes      Fire/Tloc      0%         2d10      100%        3
 Olgreb's Toxic Radiance  Pois           0%         N/A       100%        4
 Petrify                  Tmut/Erth      0%         N/A       100%        4
 Agony                    Necr           0%         N/A       100%        5
 Irradiate                Conj/Tmut      0%         3d11      100%        5
 Plasma Beam              Fire/Air       0%         2x1d11    100%        6
 Summon Ice Beast         Ice/Summ       Unusable   N/A       N/A         4

Dungeon Overview and Level Annotations

Branches:
Dungeon (11/15)            Temple (1/1) D:5            Lair (0/5) D:9
    Orc (0/2) D:10         Bailey (visited)

Altars:
Cheibriados
Elyvilon
Fedhas
Gozag
Kikubaaqudgha
Makhleb
Okawaru
Qazlal
Ru
Sif Muna
Uskayaw
Vehumet
Wu Jian
Yredelemnul
Zin
The Shining One

Shops:
D:1 :   D:10 [(:


Innate Abilities, Weirdness & Mutations

You have a pair of horns on your head.
You reflexively headbutt those who attack you in melee.


Message History

You see here a hydra corpse.
There is a stone staircase leading down, spattered with blood here.
You climb downwards.
You block the skeletal warrior's attack.
You block the freezing wraith's attack.
The freezing wraith closely misses you. x2
You block the freezing wraith's attack.
The yaktaur wields a +0 arbalest.
The yaktaur shoots a bolt.
The bolt hits you.
There is a stone staircase leading up, spattered with blood here.
The skeletal warrior hits you with a +0 short sword!
The freezing wraith hits you! The freezing wraith freezes you!
You block the freezing wraith's attack. x2; The freezing wraith hits you.
The freezing wraith drains your vigour!
You feel yourself slow down.
The yaktaur shoots a bolt.
The bolt hits you.
You climb upwards.
There is a stone staircase leading down, spattered with blood here.
Okay, then.
You feel much better.
You block the skeletal warrior's attack.
The freezing wraith hits you but does no damage.
The freezing wraith hits you. The freezing wraith drains your vigour!
You feel as though you will be slow longer.
The freezing wraith completely misses you.
You block the freezing wraith's attack.
The skeletal warrior completely misses you.
You block the freezing wraith's attack. The freezing wraith closely misses you.
The freezing wraith hits you! The freezing wraith freezes you!!
* * * LOW HITPOINT WARNING * * *
The freezing wraith barely misses you.
Unknown command.
As you read the scroll of teleportation, it crumbles to dust.
You feel strangely unstable.
The skeletal warrior hits you but does no damage.
The freezing wraith hits you.
* * * LOW HITPOINT WARNING * * *
The freezing wraith freezes you!
* * * LOW HITPOINT WARNING * * *
You block the freezing wraith's attack. The freezing wraith hits you.
* * * LOW HITPOINT WARNING * * *
The freezing wraith freezes you!!
You die...

#......#............#.......
#......#............#.......
#......#............#.......
#......#............#.#####.
#......#########....#.......
#.###..#########....########
#.# #..#......##.......##..[
#.# #..#...W..##.......##...
#.###..#...@..##.......##...
#......#..zW..##.......##...
#...<..'.)..##########'#####
#.)....#....#..............#
#......#....#..............#
#......#....#..............#
#...#..#<...#..............#
#...#..#....#..............#
#...#..#....#.####.........#


You could see a skeletal warrior and 2 freezing wraiths.

Vanquished Creatures
  An orc warlord (Bailey)
  A hydra (D:10)
  2 two-headed ogres (D:10)
  A fire crab (shapeshifter) (D:10)
  An orc knight (Bailey)
  An oklob plant (D:6)
  2 komodo dragons (D:9)
  A troll (D:10)
  3 hornets
  2 wyverns (D:9)
  A basilisk (D:9)
  5 yaks (D:10)
  2 wraiths
  A steam dragon (D:7)
  An acid dragon (D:10)
  A swamp drake (D:9)
  An ice beast (D:7)
  A black bear (D:8)
  11 orc warriors
  A sky beast (D:6)
  An ogre (D:4)
  2 centaurs
  4 phantoms
  3 kobold brigands
  3 bullfrogs (D:7)
  2 gnoll sergeants
  4 scorpions
  8 wights
  10 killer bees
  4 howler monkeys
  4 hounds
  4 orc priests
  Crazy Yiuf (D:5)
  10 jellies
  A gnoll bouda (D:4)
  A sleepcap (D:8)
  5 iguanas
  9 orc wizards
  23 gnolls
  8 adders
  A shadow imp (D:7)
  2 white imps
  An ufetubus (D:2)
  A worm (D:3)
  2 dart slugs (D:1)
  46 orcs
  6 bats
  21 endoplasms
  4 giant cockroaches
  11 goblins
  9 hobgoblins
  23 jackals
  10 quokkas
  9 ball pythons
  4 frilled lizards
  27 kobolds
  6 rats
330 creatures vanquished.

Notes
Turn   | Place    | Note
-------+----------+-------------------------------------------
     0 | D:1      | Peloso the Minotaur Fighter began the quest for the Orb.
     0 | D:1      | Reached XP level 1. HP: 19/19 MP: 0/0
    92 | D:1      | Found Wounn's Book Shop.
   263 | D:1      | Reached XP level 2. HP: 17/27 MP: 1/1
   792 | D:1      | Reached XP level 3. HP: 33/33 MP: 2/2
  1215 | D:2      | Identified a scroll of acquirement
  1215 | D:2      | Acquired the +8 demon blade "Leech" {evervamp, Harm Drain
                  | rN+}
  1215 | D:2      | Found the +8 demon blade "Leech" {evervamp, Harm Drain rN+}
  1225 | D:2      | Reached skill level 3 in Long Blades
  1466 | D:2      | Reached XP level 4. HP: 39/40 MP: 3/3
  2109 | D:3      | Reached skill level 4 in Long Blades
  2638 | D:4      | Reached XP level 5. HP: 47/47 MP: 4/4
  2646 | D:4      | Reached skill level 5 in Long Blades
  2651 | D:4      | Reached skill level 5 in Armour
  2651 | D:4      | Reached XP level 6. HP: 53/53 MP: 5/5
  2853 | D:4      | Reached skill level 6 in Long Blades
  2984 | D:4      | Reached XP level 7. HP: 60/60 MP: 6/6
  3017 | D:4      | Reached skill level 1 in Dodging
  3029 | D:4      | Reached skill level 7 in Long Blades
  3054 | D:4      | Reached skill level 5 in Fighting
  3613 | D:5      | Entered Level 5 of the Dungeon
  3685 | D:5      | Reached skill level 8 in Long Blades
  3714 | D:5      | Identified the +2 hat of Somewhere Else {rCorr}
  3948 | D:5      | Found a snail-covered altar of Cheibriados.
  3949 | D:5      | Found a glowing silver altar of Zin.
  3963 | D:5      | Found a staircase to the Ecumenical Temple.
  3983 | Temple   | Entered the Ecumenical Temple
  3997 | Temple   | Became a worshipper of Warmaster Okawaru
  4023 | D:5      | Reached XP level 8. HP: 69/69 MP: 7/7
  4186 | D:5      | Found a runed translucent door.
  4187 | D:5      | Noticed Crazy Yiuf
  4327 | D:5      | Reached skill level 5 in Shields
  4613 | D:5      | Killed Crazy Yiuf
  4801 | D:6      | Reached * piety under Okawaru
  4815 | D:6      | Reached skill level 9 in Long Blades
  4924 | D:6      | Got the Catalogue of Frostbound Ashes
  5082 | D:6      | Reached ** piety under Okawaru
  5083 | D:6      | Reached XP level 9. HP: 78/79 MP: 8/8
  5113 | D:6      | Noticed an oklob plant
  5171 | D:6      | Killed an oklob plant
  5172 | D:6      | Reached skill level 10 in Long Blades
  5329 | D:7      | Reached skill level 11 in Long Blades
  5376 | D:7      | Found a flagged portal.
  5386 | Bailey   | Entered a bailey
  5391 | Bailey   | Noticed an orc warlord
  5394 | Bailey   | Reached *** piety under Okawaru
  5439 | Bailey   | Noticed an orc knight
  5459 | Bailey   | Killed an orc knight
  5481 | Bailey   | Found a runed translucent gate.
  5498 | Bailey   | Found a runed translucent gate.
  5500 | Bailey   | Found a runed translucent gate.
  5705 | Bailey   | Killed an orc warlord
  5706 | Bailey   | Reached skill level 12 in Long Blades
  5706 | Bailey   | Reached XP level 10. HP: 45/90 MP: 7/9
  5908 | D:7      | Found a stormy altar of Qazlal.
  5917 | D:7      | Noticed a +0 dagger
  5918 | D:7      | Noticed a +0 dagger
  5919 | D:7      | Found a hide-covered altar of Uskayaw.
  6148 | D:7      | Found an ancient bone altar of Kikubaaqudgha.
  6288 | D:8      | Reached skill level 1 in Invocations
  6452 | D:8      | Reached **** piety under Okawaru
  6544 | D:8      | Found a white marble altar of Elyvilon.
  6899 | D:9      | Reached skill level 13 in Long Blades
  7456 | D:9      | Reached ***** piety under Okawaru
  7584 | D:9      | Found a staircase to the Lair.
  7790 | D:9      | Found Dateuf's Distillery.
  7964 | D:10     | Entered Level 10 of the Dungeon
  7964 | D:10     | Noticed a two-headed ogre
  7970 | D:10     | Killed a two-headed ogre
  7971 | D:10     | Reached XP level 11. HP: 88/99 MP: 11/11
  8023 | D:10     | Found Saetzy's Armour Shop.
  8033 | D:10     | Reached skill level 10 in Fighting
  8067 | D:10     | Found Wejeymp's Weapon Shop.
  8067 | D:10     | Found a staircase to the Orcish Mines.
  8080 | D:10     | Reached skill level 14 in Long Blades
  8101 | D:10     | Bought the +1 cloak "Lothruxam" {Will+ Str+4 Stlth+} for
                  | 532 gold pieces
  8196 | D:10     | Found Toucvyir's Vocational Training.
  8294 | D:10     | Noticed a two-headed ogre
  8304 | D:10     | Killed a two-headed ogre
  8408 | D:10     | Found an ornate altar of the Wu Jian Council.
  8822 | D:11     | Noticed a skeletal warrior
  8822 | D:11     | Noticed an eight-headed hydra
  8822 | D:11     | Noticed a fire crab
  8822 | D:11     | Noticed a tengu warrior
  8833 | D:10     | Killed a fire crab
  8834 | D:10     | Reached skill level 10 in Armour
  8839 | D:10     | Killed a 13-headed hydra
  8896 | D:10     | Mangled by a freezing wraith

Illustrated notes

Levels and vault maps discovered:
D:1:      elethiomel_arrival_infinity_welcomes_careful_drivers, layout_basic,
          serial_shops, shop
D:2:      layout_basic
D:3:      layout_loops_ring
D:4:      lemuel_castle_with_subvaults [lemuel_castle_interior_carwin_2],
          layout_loops_ring, glass_columns_a
D:5:      layout_loops_corners, nicolae_overflow_squiral,
          minmay_temple_entry_statues_fountains, uniq_crazy_yiuf_cottage
D:6:      lemuel_slime, layout_rooms
D:7:      layout_cave_pools, general_overflow_altar, dancing_weapons_uskayaw,
          mainiacjoe_overflow_six_doors_small, enter_bailey_3
D:8:      layout_basic, nicolae_elyvilon_peaceful_grove
D:9:      layout_basic, erik_lair_dragon, serial_shops, shop_fountains,
          minmay_misc_feat_hallway
D:10:     layout_stronghold, mainiacjoe_overflow_alcove_4, orc_david_3,
          nicolae_shop_vocational
D:11:     minmay_ambush_box, layout_basic, uniq_lodul, uniq_erolcha,
          uniq_gastronok
Temple:   eino_wide_crystal_templ

Skill      XL: |  1  2  3  4  5  6  7  8  9 10 11 |
---------------+----------------------------------+-----
Fighting       | 4 5 7 8 9 10 | 10.8
Armour         | 4 5 6 7 9 10 | 10.1
Shields        | 4 5 7 8 9 |  9.0
Long Blades    | 3 4 5 6 8 9 12 13 14 | 14.4
Dodging        | 2 3 4 |  4.2
Invocations    | 1 |  1.4
Stealth        | |  0.4

Action                     |  1- 3 |  4- 6 |  7- 9 | 10-12 || total
---------------------------+-------+-------+-------+-------++-------
  Melee: Long sword        |    76 |       |       |       ||    76
         Headbutt          |    15 |    13 |    30 |    36 ||    94
         Demon blade       |     7 |    95 |   237 |   195 ||   534
 Invoke: Heroism           |       |       |     2 |     1 ||     3
    Use: Scroll            |     3 |     6 |     4 |     3 ||    16
         Potion            |     3 |       |       |     1 ||     4
 Armour: Scale mail        |    30 |       |       |       ||    30
         Chain mail        |    10 |    49 |   106 |       ||   165
         Skin              |     6 |       |       |       ||     6
         Plate armour      |       |       |    23 |   104 ||   127
  Dodge: Dodged            |    48 |    34 |    84 |    79 ||   245
  Block: Buckler           |    22 |    15 |    39 |       ||    76
         Kite shield       |       |       |    66 |   128 ||   194
